Map: Acid Plant LE

Players

Warren

  • Race: Zerg Zerg
  • League: Gold
  • Spawn Location: 5:00

Rex - Winner!

  • Race: Zerg Zerg
  • Spawn Location: 11:00

Event: WCS Austin 2018

VOD

Have the link to the VOD?

Description

Time

  • Played on: June 1, 2018, 5:22 p.m.
  • Length: 12:07

All games in this series

Show
View Real Time Build Order
Export as new Build Order

Warren Zerg 

Build Orders: Hatch First 

Get SALT Encoding   

  12  0:00  Drone  
  13  0:12  Overlord  
  13  0:21  Drone  
  14  0:31  Drone x2  
  16  0:48  Hatchery  
  15  0:52  Drone  
  15  0:55  Drone  
  17  0:59  Drone  
  18  1:05  Extractor  
  17  1:14  Spawning Pool  
  17  1:17  Drone  
  17  1:20  Drone  
  18  1:27  Drone  
  19  1:38  Drone  
  20  1:49  Overlord  
  20  2:01  Drone x2  
  22  2:04  Queen x2  
  22  2:08  Metabolic Boost  
  26  2:10  Drone  
  26  2:12  Drone  
  28  2:23  Drone x2  
  30  2:32  Drone  
  30  2:36  Drone  
  32  2:40  Hatchery  
  31  2:49  Baneling Nest, Drone  
  31  2:50  Overlord  
  31  2:57  Zergling x4  
  33  3:04  Zergling x2  
  34  3:10  Zergling x2  
  35  3:15  Overlord  
  35  3:17  Zergling x10  
  40  3:28  Drone x2  
  42  3:35  Drone x2  
  42  3:40  Drone  
  45  3:45  Overlord  
  45  3:49  Baneling x2  
  45  3:51  Overlord  
  45  3:53  Drone x5  
  45  3:54  Drone  
  48  4:04  Queen  
  48  4:07  Extractor  
  48  4:10  Roach Warren  
  47  4:19  Overlord  
  47  4:20  Overlord  
  47  4:25  Zergling x2  
  47  4:26  Zergling x18  
  57  4:32  Overlord x2  
  57  4:37  Zergling x4  
  57  4:38  Zergling x2  
  56  4:45  Baneling  
  56  4:46  Baneling x3  
  56  4:49  Overlord  
  56  4:55  Baneling  
  56  4:57  Roach x4  
  64  5:05  Roach x3  
  70  5:13  Roach x3  
  75  5:24  Roach  
  75  5:25  Roach x4  
  83  5:45  Zergling x2  
  83  5:46  Zergling x22  
  83  5:49  Baneling x2  
  95  5:50  Baneling x3  
  95  5:51  Baneling  
  95  5:56  Baneling  
  95  5:57  Zergling x6  
  95  6:01  Baneling  
  77  6:27  Zergling x16  
  77  6:28  Zergling x8  
  77  6:30  Lair  
  80  6:34  Evolution Chamber  
  78  6:43  Zergling x16  
  78  6:44  Zergling x4  
  85  6:57  Extractor  
  82  7:03  Baneling x2  
  82  7:05  Drone x6  
  82  7:06  Drone x4  
  68  7:36  Roach  
  78  7:37  Roach x10  
  78  7:38  Zerg Missile Weapons Level 1  
  80  7:53  Roach x4  
  80  7:57  Drone  
  89  8:08  Drone x6  
  89  8:09  Drone x3  
  98  8:15  Drone  
  98  8:16  Drone x2  
  98  8:18  Drone x2  
  103  8:21  Extractor  
  103  8:23  Overlord  
  102  8:30  Overlord x2  
  102  8:36  Roach  
  102  8:37  Extractor x2, Roach  
  102  8:38  Overlord x3  
  102  8:40  Overseer  
  104  8:44  Overseer  
  104  8:49  Roach  
  104  8:50  Roach x4  
  104  8:55  Ravager x2  
  116  8:56  Glial Reconstitution  
  116  8:58  Drone  
  116  8:59  Drone x2  
  119  9:11  Overlord x2  
  119  9:15  Hatchery  
  118  9:20  Unknown x2  
  118  9:22  Ravager x2  
  120  9:27  Roach x2  
  120  9:28  Roach x4  
  132  9:44  Roach  
  132  9:45  Roach x6  
  146  9:55  Roach x5  
  156  10:06  Overlord x2  
  156  10:10  Roach  
  156  10:11  Roach x4  
  156  10:13  Overseer  
  156  10:14  Pneumatized Carapace  
  166  10:26  Overlord x2  
  166  10:28  Roach x4  
  174  10:47  Roach x7  
  186  10:52  Ravager x3  
  186  10:53  Ravager  
  158  11:14  Roach  
  158  11:15  Roach x10  
  137  11:21  Roach x5  
  113  11:27  Roach x2  
  85  11:45  Roach  
  85  11:46  Roach x3  
Show
View Real Time Build Order
Export as new Build Order

Rex Zerg - Winner!

Build Orders: Hatch First, Zergling Baneling 

Get SALT Encoding   

  12  0:00  Drone  
  13  0:12  Overlord  
  13  0:17  Drone  
  14  0:30  Drone x2  
  14  0:34  Drone  
  17  0:52  Hatchery  
  17  0:55  Drone  
  17  0:58  Drone  
  18  1:04  Extractor  
  17  1:14  Spawning Pool  
  17  1:16  Drone  
  17  1:19  Drone  
  18  1:28  Drone  
  19  1:38  Overlord  
  19  1:49  Drone  
  20  2:00  Queen  
  22  2:03  Queen  
  22  2:04  Drone x2  
  22  2:07  Metabolic Boost  
  26  2:12  Drone  
  27  2:19  Drone  
  27  2:21  Drone  
  29  2:31  Drone  
  29  2:36  Hatchery  
  29  2:44  Baneling Nest  
  29  2:46  Drone x2  
  29  2:48  Zergling x2  
  29  2:50  Zergling x2  
  32  2:55  Drone  
  32  2:58  Overlord  
  34  3:05  Zergling x2  
  34  3:16  Drone x2  
  34  3:17  Drone x5  
  41  3:24  Overlord  
  41  3:27  Baneling  
  41  3:28  Baneling  
  41  3:32  Zergling x2  
  42  3:37  Baneling x2  
  42  3:38  Zergling x4  
  44  3:41  Queen  
  44  3:47  Zergling x2  
  47  3:49  Zergling x2  
  47  3:50  Zergling x6  
  47  3:54  Zergling x2  
  52  3:59  Baneling x2  
  52  4:00  Zergling x2  
  51  4:03  Baneling  
  51  4:04  Zergling x2  
  51  4:05  Baneling  
  51  4:06  Zergling x2  
  53  4:13  Overlord  
  53  4:14  Overlord, Drone  
  54  4:17  Extractor x2  
  54  4:18  Drone  
  54  4:20  Drone x2, Roach Warren  
  54  4:23  Drone  
  54  4:30  Drone x2  
  56  4:32  Drone  
  56  4:35  Drone  
  56  4:38  Lair, Drone  
  58  4:44  Drone  
  58  4:47  Drone, Evolution Chamber  
  58  4:48  Drone x2  
  58  4:52  Drone x2  
  62  4:55  Drone  
  62  4:57  Overlord  
  62  4:58  Queen  
  62  4:59  Overlord  
  65  5:08  Baneling x2  
  65  5:13  Roach x5  
  72  5:15  Drone  
  72  5:16  Drone  
  74  5:21  Overlord  
  74  5:23  Drone  
  75  5:29  Drone x3  
  72  5:35  Zerg Missile Weapons Level 1  
  72  5:38  Overlord, Extractor  
  73  5:42  Roach  
  73  5:43  Roach x3  
  73  5:48  Roach x2  
  82  5:50  Roach x2  
  82  5:53  Roach  
  82  5:56  Roach  
  90  6:00  Roach  
  90  6:01  Roach  
  94  6:09  Roach x2  
  94  6:10  Baneling, Roach x2  
  94  6:11  Baneling, Roach  
  101  6:14  Roach  
  105  6:22  Roach x2  
  105  6:23  Roach  
  105  6:24  Roach  
  105  6:25  Roach  
  100  6:28  Zergling x2, Roach  
  100  6:31  Zergling x2, Roach  
  90  6:34  Roach  
  90  6:37  Roach  
  85  6:40  Roach x2  
  85  6:42  Roach  
  85  6:45  Roach  
  87  6:48  Roach  
  87  6:50  Roach  
  87  6:52  Roach  
  92  6:54  Roach  
  92  6:56  Zergling x4  
  92  7:01  Baneling, Roach  
  92  7:03  Roach  
  92  7:06  Roach  
  96  7:09  Roach  
  96  7:11  Roach  
  96  7:14  Roach  
  91  7:17  Roach x2  
  91  7:21  Roach x2  
  98  7:24  Roach  
  99  7:30  Roach x2  
  99  7:32  Drone, Queen  
  99  7:34  Drone  
  99  7:35  Drone  
  102  7:38  Drone  
  102  7:39  Drone  
  102  7:43  Drone x2  
  104  7:46  Glial Reconstitution  
  104  7:49  Drone  
  104  7:50  Drone  
  106  7:53  Overlord  
  106  7:57  Overlord  
  106  7:59  Overseer  
  106  8:02  Overlord  
  106  8:04  Overlord  
  106  8:06  Overseer  
  106  8:08  Overlord  
  106  8:11  Overlord  
  106  8:12  Overlord  
  106  8:17  Roach x2  
  106  8:18  Drone  
  111  8:22  Zerg Missile Weapons Level 2  
  111  8:24  Overlord  
  111  8:27  Roach  
  113  8:34  Overlord  
  113  8:35  Roach x3  
  113  8:39  Drone  
  113  8:40  Drone  
  121  8:42  Extractor  
  121  8:44  Drone x3  
  121  8:47  Drone  
  121  8:48  Pneumatized Carapace  
  124  8:50  Drone  
  124  8:52  Drone x2  
  127  8:56  Queen  
  129  9:08  Extractor  
  128  9:13  Roach x3  
  134  9:18  Roach x3  
  134  9:21  Hatchery, Roach  
  134  9:22  Roach  
  143  9:26  Roach  
  143  9:27  Roach  
  147  9:31  Roach  
  147  9:32  Roach x2  
  147  9:38  Roach x3  
  159  9:43  Roach  
  159  9:44  Roach  
  163  9:46  Roach x2  
  163  9:50  Roach  
  163  9:51  Overlord  
  169  9:55  Overlord  
  169  9:56  Overlord  
  169  10:03  Overlord  
  169  10:09  Overlord  
  169  10:11  Overlord  
  169  10:15  Roach  
  169  10:16  Roach x4  
  169  10:17  Ravager x4  
  169  10:18  Ravager x2  
  185  10:22  Roach  
  185  10:23  Roach  
  185  10:27  Roach x2  
  193  10:29  Ravager  
  193  10:30  Ravager x2  
  196  10:38  Roach x2  
  200  11:03  Roach  
  200  11:04  Roach x3  
  184  11:11  Roach  
  184  11:12  Roach x9  
  184  11:17  Roach x3  
  170  11:20  Roach  
  149  11:27  Roach x4  
  149  11:30  Roach  
  159  11:37  Roach  
  159  11:38  Roach  
  159  11:40  Roach  
  159  11:44  Roach  
  163  11:47  Roach x2  
Tags
 
Add a new tag
Caveats
  • Supply blocks, unpowered buildings, or Contaminate may cause inaccurate times.
  • Supply counts are checked every 10 seconds.